 Dungeon Crawl Stone Soup version 0.27-a0-460-g297a19dbdb (webtiles) character file.

Game seed: 5516600055255110789

3926 Anon1729 the Cleaver (level 10, -1/83 HPs)
             Began as a Ghoul Fighter on Feb 28, 2021.
             Slain by Prince Ribbit (11 damage)
             ... on level 7 of the Dungeon.
             The game lasted 00:09:40 (5533 turns).

Anon1729 the Cleaver (Ghoul Fighter)                Turns: 5533, Time: 00:09:41

Health: -1/83      AC: 11    Str: 28 (29) XL:     10   Next: 20%
Magic:  9/9        EV:  8    Int:  1 (4)  God:
Gold:   271        SH: 10    Dex:  5 (8)  Spells: 9/9 levels left

rFire    . . .     SeeInvis .   a - +0 war axe
rCold    + + .     Faith    .   c - +0 kite shield
rNeg     + + +     Spirit   .   b - +0 scale mail
rPois    ∞         Reflect  .   t - +2 hat
rElec    .         Harm     .   q - +0 cloak
rCorr    .         Rampage  .   p - +0 pair of gloves
Will     .....                  (no boots)
Stlth    ..........             u - amulet of the acrobat
HPRegen  0.00/turn              l - +6 ring of strength
MPRegen  0.11/turn              D - ring of protection from cold

@: mighty, hasted, studying Throwing, very quick
A: claws 1, cold resistance 1, negative energy resistance 3, inhibited
regeneration, torment resistance, unbreathing
a: no special abilities


You were on level 7 of the Dungeon.
You visited 2 branches of the dungeon, and saw 8 of its levels.

You collected 271 gold pieces.

Inventory:

Hand Weapons
 a - a +0 war axe (weapon)
 H - a +2 hand axe of distortion
Missiles
 E - 10 boomerangs (quivered)
Armour
 b - a +0 scale mail (worn)
 c - a +0 kite shield (worn)
 p - a +0 pair of gloves (worn)
 q - a +0 cloak (worn)
 r - a +0 buckler
 t - a +2 hat (worn)
Jewellery
 j - a ring of flight
 l - a +6 ring of strength (left hand)
 u - an amulet of the acrobat (around neck)
 y - a ring of magical power
 D - a ring of protection from cold (right hand)
Wands
 F - a wand of random effects (22)
Scrolls
 e - a scroll of enchant weapon {unknown}
 i - 2 scrolls of noise {unknown}
 o - 4 scrolls of teleportation {unknown}
 s - a scroll of immolation {unknown}
 w - 2 scrolls of amnesia {unknown}
 x - 4 scrolls of identify {unknown}
 z - 2 scrolls of fog {unknown}
 B - a scroll of magic mapping {unknown}
Potions
 d - 2 potions of might
 f - 3 potions of lignification
 g - 2 potions of brilliance
 h - 4 potions of degeneration
 n - a potion of attraction


   Skills:
 + Level 6.3 Fighting
 * Level 12.3 Axes
 + Level 5.0 Throwing
 + Level 5.2 Armour
 + Level 5.2 Shields


You had 9 spell levels left.
You didn't know any spells.
Your spell library was empty.

Dungeon Overview and Level Annotations

Branches:
Dungeon (7/15)             Temple (1/1) D:6

Altars:
Cheibriados
Dithmenos
Fedhas
Hepliaklqana
Kikubaaqudgha
Nemelex Xobeh
Okawaru
Qazlal
Ru
Trog
Uskayaw
Wu Jian
Lugonu

Shops:
D:4 =

Annotations:
D:7 Prince Ribbit


Innate Abilities, Weirdness & Mutations

You thrive by killing the living.
You are immune to poison.
You have sharp fingernails.
Your flesh is cold resistant. (rC+)
You are immune to negative energy. (rN+++)
You do not regenerate when monsters are visible.
You are immune to unholy pain and torment.
You can survive without breathing.


Message History

You closely miss the killer bee. You slash Prince Ribbit!
You block Prince Ribbit's attack.
Maggie hits you with a +0 vorpal scimitar.
* * * LOW HITPOINT WARNING * * *
x2 You block the killer bee's attack.
Unknown command.
You slash Maggie!
Maggie is almost dead.
You closely miss the killer bee. You slash the killer bee!
You closely miss Prince Ribbit.
Prince Ribbit hits you but does no damage.
You block the killer bee's attack. x2
Unknown command.
Unknown command.
You closely miss Maggie.
Maggie is almost dead.
You miss the killer bee. x2; You miss Prince Ribbit.
The killer bee stings you.
* * * LOW HITPOINT WARNING * * *
Maggie mumbles some strange words.
Maggie attempts to bespell you!
You are mesmerised by Maggie!
The killer bee closely misses you.
Prince Ribbit hits you but does no damage.
Unknown command.
Unknown command.
You slice Maggie!!
You are no longer entranced.
You kill Maggie!
You feel better.
You miss the killer bee. You hit the killer bee.
You closely miss Prince Ribbit.
The killer bee stings you but does no damage.
Prince Ribbit closely misses you.
Your Throwing skill increases to level 5!
Unknown command.
You closely miss the killer bee.
The killer bee is almost dead.
You completely miss the killer bee. You closely miss Prince Ribbit.
The killer bee stings you but does no damage. x2
The killer bee barely misses you. x2; Prince Ribbit hits you!
You die...

.. # .#!# .#.##
..... .## #.#.#
.... ###.#.#
.....#.F.$.#
._...#@y...#
.......yy...###
..............#
##..#.#.....#.#
##.#.###.### ..
#....###.### #
#....†...#
#....###<#.#
##. #.#.#


You could see Prince Ribbit and 3 killer bees.

Vanquished Creatures
  Pikel (D:6)
  Maggie (D:7)
  Grinder (D:5)
  Sigmund (D:6)
  2 ice beasts
  2 centaurs (D:4)
  Blork the orc (D:5)
  2 bullfrogs (D:6)
  A vampire bat (D:6)
  A centaur zombie (D:2)
  2 hounds
  A centaur skeleton (D:5)
  A bullfrog skeleton (D:5)
  2 orc wizards
  2 worker ants
  2 hound skeletons
  8 adders
  A shadow imp (D:6)
  2 ufetubi (D:6)
  2 worms
  3 dart slugs
  6 leopard geckos
  13 orcs
  12 bats
  2 giant cockroaches
  12 goblins
  4 hobgoblins
  4 jackals
  4 kobolds (D:1)
  2 quokkas (D:2)
  4 frilled lizards
  A leopard gecko skeleton (D:4)
  9 rats
112 creatures vanquished.

Notes
Turn   | Place    | Note
-------+----------+-------------------------------------------
     0 | D:1      | Anon1729 the Ghoul Fighter began the quest for the Orb.
     0 | D:1      | Reached XP level 1. HP: 19/19 MP: 0/0
   213 | D:1      | Reached skill level 2 in Axes
   213 | D:1      | Reached XP level 2. HP: 26/26 MP: 1/1
   631 | D:1      | Reached XP level 3. HP: 31/31 MP: 2/2
  1112 | D:2      | Reached XP level 4. HP: 19/40 MP: 3/3
  1835 | D:3      | Reached skill level 3 in Axes
  1915 | D:3      | Reached XP level 5. HP: 35/46 MP: 4/4
  1963 | D:3      | Found a snail-covered altar of Cheibriados.
  2364 | D:4      | Noticed a centaur
  2368 | D:4      | Noticed a centaur
  2373 | D:4      | Killed a centaur
  2374 | D:4      | Reached XP level 6. HP: 40/53 MP: 5/5
  2375 | D:4      | Reached skill level 4 in Axes
  2575 | D:4      | Found a sacrificial altar of Ru.
  2673 | D:4      | Found Nuote's Jewellery Shop.
  2699 | D:4      | Reached skill level 1 in Throwing
  2703 | D:4      | Found a hide-covered altar of Uskayaw.
  3113 | D:5      | Entered Level 5 of the Dungeon
  3205 | D:5      | Noticed Grinder
  3245 | D:5      | Killed Grinder
  3246 | D:5      | Reached XP level 7. HP: 36/60 MP: 6/6
  3710 | D:5      | Reached skill level 5 in Fighting
  3862 | D:5      | Reached skill level 5 in Axes
  4096 | D:5      | Noticed Blork the orc
  4105 | D:5      | Killed Blork the orc
  4106 | D:5      | Reached XP level 8. HP: 52/68 MP: 7/7
  4316 | D:6      | Found a staircase to the Ecumenical Temple.
  4426 | Temple   | Entered the Ecumenical Temple
  4758 | D:6      | Noticed Sigmund
  4775 | D:6      | Killed Sigmund
  4794 | D:6      | Noticed Pikel
  4795 | D:6      | Found a hazy altar of Hepliaklqana.
  4795 | D:6      | Found a shadowy altar of Dithmenos.
  4832 | D:6      | Killed Pikel
  4833 | D:6      | Reached skill level 6 in Axes
  4833 | D:6      | Reached skill level 5 in Armour
  4833 | D:6      | Reached skill level 5 in Shields
  4833 | D:6      | Reached XP level 9. HP: 65/75 MP: 8/8
  5488 | D:7      | Noticed Prince Ribbit
  5491 | D:7      | Noticed Maggie
  5493 | D:7      | Found a sparkling altar of Nemelex Xobeh.
  5507 | D:7      | HP: 3/75 [Maggie/+0 vorpal scimitar (1)]
  5513 | D:7      | Reached skill level 12 in Axes
  5513 | D:7      | Reached XP level 10. HP: 17/83 MP: 9/9
  5529 | D:7      | HP: 4/83 [Maggie/+0 vorpal scimitar (1)]
  5532 | D:7      | Killed Maggie
  5533 | D:7      | Reached skill level 5 in Throwing
  5533 | D:7      | Slain by Prince Ribbit

Illustrated notes

Levels and vault maps discovered:
D:1:      scummos_arrival_checkerplants, layout_basic
D:2:      layout_loops_corners, due_unseen_surprise
D:3:      layout_rooms, cheibriados_altar_1, kennysheep_generic_room_7
D:4:      layout_rooms, nicolae_overflow_crystal_walls,
          eat_drink_and_be_merry_uskayaw, serial_shops, shop,
          minmay_manual_mares
D:5:      layout_gridville, serial_park_tiny_pond, lemuel_old_faithful,
          uniq_grinder, uniq_blork_the_orc
D:6:      layout_cave_pods, riverfiend_overflow_shadow_ancestor,
          minmay_temple_entry_poolview, serial_park, serial_park_gazebo
          [serial_park_minivault_5x5_7], roderic_batcave, uniq_pikel,
          uniq_sigmund
D:7:      layout_loops_ring, grunt_temple_overflow_open,
          gammafunk_temple_overflow_elements, basic_altar, serial_shops,
          kennysheep_little_box, nemelex_lonely_heart_becter, uniq_menkaure,
          uniq_maggie, uniq_duvessa, uniq_prince_ribbit1
Temple:   corrupted_temple

Skill      XL: |  1  2  3  4  5  6  7  8  9 10 |
---------------+-------------------------------+-----
Axes           | 2 3 4 5 6 12 | 12.3
Armour         | 3 4 5 |  5.2
Shields        | 3 4 5 |  5.2
Fighting       | 4 5 6 |  6.3
Throwing       | 2 4 5 |  5.0

Action                   |  1- 3 |  4- 6 |  7- 9 | 10-12 || total
-------------------------+-------+-------+-------+-------++-------
Melee: War axe           |   113 |   168 |   179 |    12 ||   472
Throw: Boomerang         |       |    11 |     3 |       ||    14
  Use: Potion            |       |       |    13 |     1 ||    14
Armor: Scale mail        |    73 |    93 |   110 |     8 ||   284
Dodge: Dodged            |    39 |    62 |    89 |     8 ||   198
Block: Kite shield       |    61 |    93 |   137 |     6 ||   297

Table legend: (Time is in decaauts)
 A = Elapsed time spent in this place.
 B = Non-inter-level travel time spent in this place.
 C = Inter-level travel time spent in this place.
 D = Time resting spent in this place.
 E = Time spent auto-exploring this place.
 F = Levels seen in this place.
 G = Mean time per level.
                   A        B        C        D        E       F      G
               +--------+--------+--------+--------+--------+-----+--------+
         Total |   5776 |   5527 |    249 |    273 |   4140 |   8 |  722.0 |
       Dungeon |   5692 |   5456 |    236 |    273 |   4069 |   7 |  813.1 |
        Temple |     83 |     71 |     12 |      0 |     71 |   1 |   83.0 |
               +--------+--------+--------+--------+--------+-----+--------+

Top non-repeatable levels by time:
     D:5: 1199 daAuts
     D:6: 1168 daAuts
     D:2: 1069 daAuts
     D:1: 869 daAuts
     D:4: 713 daAuts
     D:3: 621 daAuts
  Temple: 83 daAuts
     D:7: 51 daAuts
